 Dungeon Crawl Stone Soup version 0.29.1-1-gd02db6906a (webtiles) character file.

Game seed: 6942433744902165078

1365 Icepheonix32 the Chopper (level 8, -14/73 HPs)
             Began as a Minotaur Fighter on Sept 18, 2022.
             Was a Believer of Yredelemnul.
             Demolished by Menkaure (15 damage)
             ... on level 6 of the Dungeon on Sept 19, 2022.
             The game lasted 00:07:51 (5813 turns).

Icepheonix32 the Chopper (Minotaur Fighter)         Turns: 5813, Time: 00:07:51

Health: -14/73     AC: 11    Str: 28    XL:     8   Next: 38%
Magic:  8/8        EV: 10    Int:  5    God:    Yredelemnul [**....]
Gold:   27         SH:  5    Dex: 11    Spells: 7/7 levels left

rFire   + + .      SeeInvis .   a - +3 war axe
rCold   + . .      Faith    .   c - +0 buckler
rNeg    . . .      Spirit   .   b - +0 scale mail
rPois   .          Reflect  .   v - +2 hat
rElec   .          Harm     .   t - scarf {rC+ rF+}
rCorr   .          Rampage  .   r - +0 pair of gloves
Will    .....                   (no boots)
Stlth   ..........              (no amulet)
HPRegen 0.22/turn               n - ring of protection from fire
MPRegen 0.11/turn               p - +6 ring of strength

@: no status effects
A: horns 2, retaliatory headbutt
a: Renounce Religion, Recall Undead Harvest, Dark Bargain


You were on level 6 of the Dungeon.
You worshipped Yredelemnul.
Yredelemnul was noncommittal.
You visited 2 branches of the dungeon, and saw 7 of its levels.

You collected 324 gold pieces.
You spent 297 gold pieces at shops.

Inventory:

Hand Weapons
 a - a +3 war axe (weapon)
Missiles
 s - 2 javelins (quivered)
 w - 3 throwing nets
Armour
 b - a +0 scale mail (worn)
 c - a +0 buckler (worn)
 q - a +0 chain mail
 r - a +0 pair of gloves (worn)
 t - a scarf of resistance (worn)
 v - a +2 hat (worn)
Jewellery
 n - a ring of protection from fire (left hand)
 p - a +6 ring of strength (right hand)
Wands
 x - a wand of flame (9)
Scrolls
 f - 2 scrolls of identify
 g - 4 scrolls of teleportation
 k - 2 scrolls of torment
 l - 2 scrolls of magic mapping
 m - 3 scrolls of immolation
 o - 2 scrolls of vulnerability
Potions
 d - 6 potions of haste
 e - a potion of cancellation
 h - a potion of heal wounds {unknown}
 i - a potion of flight {unknown}
 j - 3 potions of curing
 u - 2 potions of attraction
 z - a potion of magic {unknown}
 A - a potion of lignification {unknown}


   Skills:
 * Level 7.1 Fighting
 + Level 7.2 Axes
 + Level 1.9 Throwing
 + Level 6.4 Armour
 + Level 2.7 Dodging
 + Level 0.3 Stealth
 + Level 4.9 Shields
 * Level 2.1 Invocations


You had 7 spell levels left.
You didn't know any spells.
Your spell library contained the following spells:

 Spells                   Type           Power      Damage    Failure   Level
 Apportation              Tloc           0%         N/A       80%         1
 Summon Small Mammal      Summ           0%         N/A       80%         1
 Call Canine Familiar     Summ           0%         N/A       99%         3
 Summon Guardian Golem    Hex/Summ       0%         N/A       99%         3
 Petrify                  Tmut/Erth      0%         N/A       100%        4
 Alistair's Intoxication  Tmut/Pois      0%         N/A       100%        5
 Metabolic Englaciation   Hex/Ice        0%         N/A       100%        5
 Statue Form              Tmut/Erth      0%         N/A       100%        6


Dungeon Overview and Level Annotations

Branches:
Dungeon (6/15)             Temple (1/1) D:4

Altars:
Dithmenos
Elyvilon
Fedhas
Nemelex Xobeh
Ru
Sif Muna
Xom
Yredelemnul
Zin

Shops:
D:2 *   D:6 (:*(

Annotations:
D:6 Menkaure


Innate Abilities, Weirdness & Mutations

You have a pair of horns on your head.
You reflexively headbutt those who attack you in melee.


Message History

You slash the ice beast! You headbutt the ice beast.
The ice beast is severely wounded.
You block the ice beast's attack.
Your adder zombie bites the ice beast but does no damage.
You barely miss the ice beast. Your headbutt misses the ice beast.
The ice beast is severely wounded.
Your adder zombie bites the ice beast.
The ice beast closely misses your adder zombie.
Unknown command.
You slash the ice beast!
You kill the ice beast!
The dead are walking!
You can now trade souls for undead servants.
Your Fighting skill increases to level 7!
Your Invocations skill increases to level 2!
Unknown command.
No target in view!
Unknown command.
No target in view!
You swap places.
Found a stone staircase leading down.
You swap places.
Menkaure, Prince of Dust comes into view.
Menkaure shouts!
Menkaure calls on the powers of darkness!
Your body is wracked with pain!
There is a stone staircase leading down here.
Found Efivyrr's Antique Weapon Boutique.
Found a stone staircase leading up and a stone staircase leading down.
Menkaure mumbles some strange words.
Menkaure seems to speed up.
Found a stone staircase leading up.
Menkaure calls on the powers of darkness!
Your body is wracked with pain!
* * * LOW HITPOINT WARNING * * *
Menkaure hits you!!
* * * LOW HITPOINT WARNING * * *
Menkaure hits you!
You die...
Your body rises from the dead as a mindless zombie.

#...###..#....#
#.# #
##.....####...#
#.# #.....##
...# #.#
#..###Z# ..#
#.# #.. #Z#
...##.# #
##.##### ...#.#
# #.Z....# .
##.####Z####.<#
# ..8...8@# .#
.#....M.#
#..>...8 ##
#.......# ..
..8...∩... .#
...........
.###8...<.. #
###.....# .. ##


You could see Menkaure (fast, ally target), a friendly adder zombie, a friendly
bullfrog zombie, a friendly scorpion zombie and a friendly ice beast zombie.

Vanquished Creatures
  Sigmund (D:6)
  An orc warrior (D:6)
  A sky beast (D:6)
  An ice beast (D:6)
  An ogre (D:5)
  A bullfrog (D:6)
  3 scorpions
  2 orc priests
  2 jellies (D:5)
  Natasha (twice) (D:4)
  An iguana (D:5)
  An orc wizard (D:4)
  11 gnolls
  18 adders
  A white imp (D:5)
  A worm (D:2)
  2 dart slugs
  14 orcs
  4 ball pythons
  3 bats
  4 endoplasms
  3 giant cockroaches
  5 goblins
  4 hobgoblins
  7 jackals (D:1)
  2 quokkas
  6 frilled lizards
  8 kobolds
  4 rats
114 creatures vanquished.

Notes
Turn   | Place    | Note
-------+----------+-------------------------------------------
     0 | D:1      | Icepheonix32 the Minotaur Fighter began the quest for the
                  | Orb.
     0 | D:1      | Reached XP level 1. HP: 19/19 MP: 0/0
    89 | D:1      | Found a faded altar of an unknown god.
   294 | D:1      | Reached XP level 2. HP: 27/27 MP: 1/1
   839 | D:2      | Found Foatur's Assorted Antiques.
   856 | D:2      | Reached XP level 3. HP: 20/34 MP: 2/2
   863 | D:2      | HP: 1/34 [gnoll/+0 spear (2)]
   867 | D:2      | Reached XP level 4. HP: 1/41 MP: 3/3
  1243 | D:2      | Reached skill level 1 in Dodging
  1415 | D:2      | Reached skill level 5 in Fighting
  1523 | D:2      | Reached XP level 5. HP: 42/48 MP: 4/4
  1669 | D:2      | Bought a viscous white potion for 28 gold pieces
  1669 | D:2      | Bought a scroll labelled CUTEUC SYELURE for 32 gold pieces
  1669 | D:2      | Bought a scroll labelled HANNEXZ HEWN for 32 gold pieces
  1930 | D:2      | Bought a scroll labelled PINOKHL YHOIHAJ for 32 gold pieces
  1973 | D:3      | Found a glowing silver altar of Zin.
  2662 | D:4      | Found a staircase to the Ecumenical Temple.
  2674 | Temple   | Entered the Ecumenical Temple
  2977 | D:4      | Reached XP level 6. HP: 56/56 MP: 5/5
  3360 | D:4      | Noticed Natasha
  3369 | D:4      | Killed Natasha
  3658 | D:2      | Bought a scroll labelled HUEBIP ZEATI for 32 gold pieces
  3658 | D:2      | Bought 2 grey potions for 57 gold pieces
  3688 | D:5      | Entered Level 5 of the Dungeon
  3709 | D:5      | Reached skill level 5 in Axes
  3714 | D:5      | Reached skill level 1 in Throwing
  3885 | D:5      | Reached XP level 7. HP: 62/62 MP: 6/6
  3996 | D:5      | Reached skill level 5 in Armour
  4639 | D:2      | Bought a scroll labelled PINOKHL YHOIHAJ for 32 gold pieces
  4666 | D:4      | Noticed Natasha
  4668 | D:4      | Killed Natasha
  4859 | Temple   | Became a worshipper of Yredelemnul the Dark
  5126 | D:6      | Found Xukia's Book Boutique.
  5151 | D:6      | Found Maimej's Assorted Antiques.
  5155 | D:6      | Noticed Sigmund
  5159 | D:6      | Killed Sigmund
  5168 | D:6      | Bought a metallic black potion for 26 gold pieces
  5168 | D:6      | Bought a bubbling yellow potion for 26 gold pieces
  5176 | D:6      | Reached skill level 1 in Invocations
  5176 | D:6      | Reached XP level 8. HP: 31/71 MP: 7/7
  5460 | D:6      | Found Dyklaxzu's Jewellery Boutique.
  5460 | D:6      | Found Sove's Weapon Shoppe.
  5470 | D:6      | Reached * piety under Yredelemnul
  5799 | D:6      | Reached ** piety under Yredelemnul
  5808 | D:6      | Noticed Menkaure
  5809 | D:6      | Found Efivyrr's Antique Weapon Boutique.
  5813 | D:6      | HP: 1/73 [Menkaure (18)]
  5813 | D:6      | Demolished by Menkaure

Illustrated notes

Levels and vault maps discovered:
D:1:      tarquinn_simple_flora_water_e, layout_loops_ring,
          shapermc_ecumenical_altar_ellora
D:2:      layout_basic, serial_shops, nicolae_shop_statue_plus
D:3:      layout_rooms, lemuel_round_altar, lemuel_flame_loot_1
D:4:      layout_gridville, minmay_temple_entry_ruins, uniq_natasha
D:5:      layout_loops_ring
D:6:      layout_rooms, mainiacjoe_overflow_concentric_impassable, slow_altar_2,
          serial_shops, nicolae_shop_trees,
          nicolae_shop_temple_entry_statues_fountains, nicolae_shop_stone,
          nicolae_stop_n_shop_1, shop, nrook_mini_vaults, uniq_menkaure,
          uniq_sigmund
Temple:   nicolae_temple_ecumenical_triangle

Skill      XL: |  1  2  3  4  5  6  7  8 |
---------------+-------------------------+-----
Fighting       | 4 5 6 7 |  7.1
Shields        | 4 |  4.9
Axes           | 3 4 5 6 7 |  7.2
Dodging        | 1 2 |  2.7
Armour         | 4 5 6 |  6.4
Throwing       | 1 |  1.9
Invocations    | 1 2 |  2.1
Stealth        | |  0.3

Action                   |  1- 3 |  4- 6 |  7- 9 || total
-------------------------+-------+-------+-------++-------
Melee: War axe           |    57 |   148 |    55 ||   260
       Headbutt          |     7 |    21 |    14 ||    42
Throw: Javelin           |       |    13 |       ||    13
  Use: Potion            |     1 |       |       ||     1
       Scroll            |       |       |    13 ||    13
Armor: Scale mail        |    42 |    67 |    26 ||   135
Dodge: Dodged            |    30 |    81 |    18 ||   129
Block: Buckler           |    15 |    33 |    10 ||    58
